NCAA
STANFORD CARDINAL @ ARIZONA STATE SUN DEVILS
03/13/2060
 
TOP OF THE 1ST
Stanford Cardinal batting - Pitching for Arizona State Sun Devils : RHP Tierre Pequeno
Pitching: RHP Tierre Pequeno
Batting: RHB Kurt de la Piedra 0-0: Fly out, F7 (Line Drive, 7S, EV 89.4 MPH)
Batting: LHB Zavier Cobb 0-0: Ball
1-0: Foul Ball, location: 2F
1-1: Ball
2-1: Ball
3-1: Base on Balls
Batting: LHB Phillip Rothlisberger 0-0: Ball
Zavier Cobb is caught stealing 2nd base 2-6
1-0: Ball
2-0: Ball
3-0: Called Strike
3-1: Called Strike
3-2: Fly out, F8 (Flyball, 8RD, EV 91.2 MPH)
Top of the 1st over - 0 runs, 0 hits, 0 errors, 0 left on base; Stanford 0 - Arizona State 0
BOTTOM OF THE 1ST
Arizona State Sun Devils batting - Pitching for Stanford Cardinal : RHP Elisha Awtry
Pitching: RHP Elisha Awtry
Batting: RHB Brian Reser 0-0: Ball
1-0: Ball
2-0: Fly out, F7 (Line Drive, 7LM, EV 86.9 MPH)
Batting: RHB Brian Yensen 0-0: Ball
1-0: Called Strike
1-1: Ball
2-1: Ball
3-1: Swinging Strike
3-2: Foul Ball, location: 2F
3-2: Base on Balls
Batting: RHB Paul Johnson 0-0: Ball
1-0: Ball
2-0: Fly out, F9 (Flyball, 89S, EV 81.9 MPH)
Batting: LHB Dallas Mayer 0-0: Called Strike
0-1: Ball
1-1: Ball
2-1: SINGLE (Groundball, 5D, EV 93.8 MPH)
Brian Yensen to second
Runner from 2nd tries for 3rd, OUT! 7-5
Bottom of the 1st over - 0 runs, 1 hit, 0 errors, 1 left on base; Stanford 0 - Arizona State 0
TOP OF THE 2ND
Stanford Cardinal batting - Pitching for Arizona State Sun Devils : RHP Tierre Pequeno
Batting: LHB Brian Elder 0-0: Ball
1-0: Ball
2-0: SINGLE (Groundball, 3D, EV 100.6 MPH)
Batting: RHB Wilt Green 0-0: Ball
Brian Elder steals 2nd base
1-0: Ball
2-0: Swinging Strike
2-1: Ball
3-1: Called Strike
3-2: Strikes out swinging
Batting: RHB Richard Ernst 0-0: Ball
1-0: Ground out 6-3 (Groundball, 6, EV 88.1 MPH)
Batting: RHB Nat Hill 0-0: Called Strike
0-1: Swinging Strike
0-2: Strikes out swinging
Top of the 2nd over - 0 runs, 1 hit, 0 errors, 1 left on base; Stanford 0 - Arizona State 0
BOTTOM OF THE 2ND
Arizona State Sun Devils batting - Pitching for Stanford Cardinal : RHP Elisha Awtry
Batting: LHB Quinton Eickenhorst 0-0: Called Strike
0-1: SINGLE (Groundball, 4MD, EV 109.4 MPH)
Batting: RHB DaVaris Sandalls 0-0: Called Strike
0-1: Called Strike
0-2: Foul Ball, location: 2F
0-2: Ball
1-2: SINGLE (Groundball, 56D, EV 94.4 MPH)
Quinton Eickenhorst to second
Batting: RHB Cole Lucas 0-0: Called Strike
0-1: Fly out, F8 (Flyball, 8RM, EV 85.6 MPH)
Batting: RHB Vince Beach 0-0: Swinging Strike
0-1: Foul Ball, location: 2F
0-2: Foul Ball, location: 2F
0-2: Ball
1-2: Ball
2-2: Ball
3-2: Strikes out swinging
Batting: SHB Max Dokter 0-0: Ball
1-0: Foul Ball, location: 2F
1-1: Swinging Strike
1-2: Strikes out looking
Bottom of the 2nd over - 0 runs, 2 hits, 0 errors, 2 left on base; Stanford 0 - Arizona State 0
TOP OF THE 3RD
Stanford Cardinal batting - Pitching for Arizona State Sun Devils : RHP Tierre Pequeno
Batting: RHB Deven Copeland 0-0: Ground out 1-3 (Groundball, 15S, EV 73.8 MPH)
Batting: RHB Peyton Beidelman 0-0: Foul Ball, location: 2F
0-1: Ball
1-1: Swinging Strike
1-2: Strikes out swinging
Batting: RHB Kurt de la Piedra 0-0: Foul Ball, location: 2F
0-1: Swinging Strike
0-2: Foul Ball, location: 2F
0-2: Ball
1-2: Foul Ball, location: 2F
1-2: Ball
2-2: Strikes out swinging
Top of the 3rd over - 0 runs, 0 hits, 0 errors, 0 left on base; Stanford 0 - Arizona State 0
BOTTOM OF THE 3RD
Arizona State Sun Devils batting - Pitching for Stanford Cardinal : RHP Elisha Awtry
Batting: RHB Brian Reser 0-0: Called Strike
0-1: Ball
1-1: Ground out 6-3 (Groundball, 6MD, EV 83.8 MPH)
Batting: RHB Brian Yensen 0-0: Swinging Strike
0-1: Fly out, F8 (Flyball, 89XD, EV 103.8 MPH)
Batting: RHB Paul Johnson 0-0: Foul Ball, location: 2F
0-1: Ball
1-1: Ball
2-1: Ball
3-1: Base on Balls
Batting: LHB Dallas Mayer 0-0: Swinging Strike
0-1: Fly out, F8 (Flyball, 8RM, EV 91.9 MPH)
Bottom of the 3rd over - 0 runs, 0 hits, 0 errors, 1 left on base; Stanford 0 - Arizona State 0
TOP OF THE 4TH
Stanford Cardinal batting - Pitching for Arizona State Sun Devils : RHP Tierre Pequeno
Batting: LHB Zavier Cobb 0-0: Ball
1-0: Ball
2-0: Foul Ball, location: 2F
2-1: Swinging Strike
2-2: Ball
3-2: Strikes out swinging
Batting: LHB Phillip Rothlisberger 0-0: Ball
1-0: Ball
2-0: Ball
3-0: Called Strike
3-1: Base on Balls
Batting: LHB Brian Elder 0-0: Ball
1-0: Ball
2-0: Called Strike
2-1: Swinging Strike
2-2: Ball
3-2: Foul Ball, location: 2F
3-2: SINGLE (Flyball, 89S, EV 91.2 MPH)
Phillip Rothlisberger to second
Batting: RHB Wilt Green 0-0: Ball
1-0: Ball
2-0: Called Strike
2-1: Swinging Strike
2-2: Ball
3-2: Foul Ball, location: 2F
3-2: Foul Ball, location: 2F
3-2: Strikes out looking
Batting: RHB Richard Ernst 0-0: Swinging Strike
0-1: Foul Ball, location: 2F
0-2: Strikes out looking
Top of the 4th over - 0 runs, 1 hit, 0 errors, 2 left on base; Stanford 0 - Arizona State 0
BOTTOM OF THE 4TH
Arizona State Sun Devils batting - Pitching for Stanford Cardinal : RHP Elisha Awtry
Batting: LHB Quinton Eickenhorst 0-0: Ball
1-0: Foul Ball, location: 2F
1-1: Foul Ball, location: 2F
1-2: SINGLE (Groundball, 6MD, EV 95.0 MPH)
Batting: RHB DaVaris Sandalls 0-0: Ball
1-0: Called Strike
1-1: Fielders Choice at 2nd, 5-4 (Groundball, 56S, EV 77.5 MPH)
Batting: RHB Cole Lucas 0-0: SINGLE (Flyball, 8LS, EV 93.1 MPH)
DaVaris Sandalls to second
Runner from 2nd tries for 3rd, SAFE, throw by CF made to third
Batting: RHB Vince Beach 0-0: Called Strike
0-1: Foul Ball, location: 2F
0-2: Ball
1-2: Ball
2-2: Fielders Choice at 2nd, 5-4 (Groundball, 5S, EV 83.8 MPH)
DaVaris Sandalls scores
Batting: SHB Max Dokter 0-0: Called Strike
Vince Beach is caught stealing 2nd base 2-6
Bottom of the 4th over - 1 run, 2 hits, 0 errors, 0 left on base; Stanford 0 - Arizona State 1
TOP OF THE 5TH
Stanford Cardinal batting - Pitching for Arizona State Sun Devils : RHP Tierre Pequeno
Batting: RHB Nat Hill 0-0: Ball
1-0: Fly out, F9 (Flyball, 9S, EV 91.2 MPH)
Batting: RHB Deven Copeland 0-0: Ball
1-0: Ball
2-0: Called Strike
2-1: Swinging Strike
2-2: Ball
3-2: Base on Balls
Batting: RHB Peyton Beidelman 0-0: Called Strike
0-1: DOUBLE (Flyball, 89XD, EV 93.8 MPH)
Deven Copeland to third
Runner from 3rd tries for Home, SAFE, throw by CF to trailing runner, SAFE at third!
Batting: RHB Kurt de la Piedra 0-0: Ball
1-0: Ball
2-0: Called Strike
2-1: Swinging Strike
2-2: Foul Ball, location: 2F
2-2: Foul Ball, location: 2F
2-2: Ball
3-2: Strikes out swinging
Pitching: LHP Fletcher Charles
Batting: LHB Zavier Cobb 0-0: Swinging Strike
0-1: Swinging Strike
0-2: Strikes out swinging
Top of the 5th over - 1 run, 1 hit, 0 errors, 1 left on base; Stanford 1 - Arizona State 1
BOTTOM OF THE 5TH
Arizona State Sun Devils batting - Pitching for Stanford Cardinal : RHP Elisha Awtry
Batting: SHB Max Dokter 0-0: Called Strike
0-1: Fly out, F3 (Popup, 23F, EV 85.0 MPH)
Batting: RHB Brian Reser 0-0: Called Strike
0-1: Ball
1-1: Ball
2-1: Called Strike
2-2: Strikes out swinging
Batting: RHB Brian Yensen 0-0: Ball
1-0: Ball
2-0: Fly out, F8 (Flyball, 8RD, EV 104.4 MPH)
Bottom of the 5th over - 0 runs, 0 hits, 0 errors, 0 left on base; Stanford 1 - Arizona State 1
TOP OF THE 6TH
Stanford Cardinal batting - Pitching for Arizona State Sun Devils : LHP Fletcher Charles
Batting: LHB Phillip Rothlisberger 0-0: Called Strike
0-1: Ball
1-1: Ground out 5-3 (Groundball, 5L, EV 88.8 MPH)
Batting: LHB Brian Elder 0-0: Ball
1-0: Ground out U3 (Groundball, 3S, EV 90.6 MPH)
Batting: RHB Wilt Green 0-0: Ball
1-0: Ground out 6-3 (Groundball, 6, EV 76.9 MPH)
Top of the 6th over - 0 runs, 0 hits, 0 errors, 0 left on base; Stanford 1 - Arizona State 1
BOTTOM OF THE 6TH
Arizona State Sun Devils batting - Pitching for Stanford Cardinal : RHP Elisha Awtry
Batting: RHB Paul Johnson 0-0: Ball
1-0: Swinging Strike
1-1: Foul Ball, location: 2F
1-2: Foul Ball, location: 2F
1-2: Ball
2-2: Strikes out swinging
Batting: LHB Dallas Mayer 0-0: Fly out, F9 (Flyball, 89M, EV 90.6 MPH)
Batting: LHB Quinton Eickenhorst 0-0: Called Strike
0-1: Ball
1-1: Foul Ball, location: 2F
1-2: SINGLE (Groundball, 4D, EV 103.1 MPH)
Batting: RHB DaVaris Sandalls 0-0: Ball
1-0: Foul Ball, location: 2F
1-1: Fly out, F8 (Flyball, 89D, EV 96.2 MPH)
Bottom of the 6th over - 0 runs, 1 hit, 0 errors, 1 left on base; Stanford 1 - Arizona State 1
TOP OF THE 7TH
Stanford Cardinal batting - Pitching for Arizona State Sun Devils : LHP Fletcher Charles
Batting: RHB Richard Ernst 0-0: Ball
1-0: Called Strike
1-1: Called Strike
1-2: Strikes out swinging
Batting: RHB Nat Hill 0-0: SINGLE (Line Drive, 78M, EV 85.6 MPH)
Batting: RHB Deven Copeland 0-0: Called Strike
0-1: Fly out, F8 (Line Drive, 8RM, EV 88.8 MPH)
Batting: RHB Peyton Beidelman 0-0: Ball
1-0: Ball
2-0: Swinging Strike
2-1: Foul Ball, location: 2F
2-2: Foul Ball, location: 2F
2-2: SINGLE (Flyball, 8RS, EV 84.4 MPH)
Nat Hill to second
Batting: RHB Kurt de la Piedra 0-0: Ball
1-0: Foul Ball, location: 2F
1-1: Fly out, F4 (Popup, 4S, EV 68.8 MPH)
Top of the 7th over - 0 runs, 2 hits, 0 errors, 2 left on base; Stanford 1 - Arizona State 1
BOTTOM OF THE 7TH
Arizona State Sun Devils batting - Pitching for Stanford Cardinal : RHP Elisha Awtry
Pitching: RHP Caleb Reichenbach
Batting: RHB Cole Lucas 0-0: Fly out, F9 (Flyball, 9, EV 74.4 MPH)
Batting: RHB Vince Beach 0-0: Ground out 4-3 (Groundball, 4S, EV 88.8 MPH)
Batting: SHB Max Dokter 0-0: Called Strike
0-1: Ground out 2-3 (Groundball, 2L, EV 68.1 MPH)
Bottom of the 7th over - 0 runs, 0 hits, 0 errors, 0 left on base; Stanford 1 - Arizona State 1
TOP OF THE 8TH
Stanford Cardinal batting - Pitching for Arizona State Sun Devils : LHP Fletcher Charles
Batting: LHB Zavier Cobb 0-0: Ball
1-0: Ball
2-0: TRIPLE (Line Drive, 9LD, EV 105.6 MPH)
Pitching: RHP Eli Kelly
Batting: LHB Phillip Rothlisberger 0-0: Ball
1-0: Fly out, F6 (Popup, 6M, EV 59.4 MPH)
Batting: LHB Brian Elder 0-0: Intentional Walk
Batting: RHB Wilt Green 0-0: Called Strike
0-1: Swinging Strike
0-2: Foul Ball, location: 2F
0-2: Foul Ball, location: 2F
0-2: Foul Ball, location: 2F
0-2: Ball
1-2: Grounds into double play, 6-4-3 (Groundball, 6, EV 81.2 MPH)
Top of the 8th over - 0 runs, 1 hit, 0 errors, 1 left on base; Stanford 1 - Arizona State 1
BOTTOM OF THE 8TH
Arizona State Sun Devils batting - Pitching for Stanford Cardinal : RHP Caleb Reichenbach
Batting: RHB Brian Reser 0-0: Ball
1-0: Foul Ball, location: 2F
1-1: Ground out U3 (Groundball, 34S, EV 73.8 MPH)
Batting: RHB Brian Yensen 0-0: Called Strike
0-1: Ball
1-1: Ground out 6-3 (Groundball, P, EV 76.2 MPH)
Batting: RHB Paul Johnson 0-0: Foul Ball, location: 2F
0-1: Ground out 5-3 (Groundball, 5, EV 85.6 MPH)
Bottom of the 8th over - 0 runs, 0 hits, 0 errors, 0 left on base; Stanford 1 - Arizona State 1
TOP OF THE 9TH
Stanford Cardinal batting - Pitching for Arizona State Sun Devils : RHP Eli Kelly
Batting: RHB Richard Ernst 0-0: Called Strike
0-1: Fly out, F8 (Flyball, 78M, EV 75.6 MPH)
Batting: RHB Nat Hill 0-0: Ball
1-0: Fly out, F5 (Line Drive, 5, EV 74.4 MPH)
Batting: RHB Deven Copeland 0-0: Called Strike
0-1: Ball
1-1: SINGLE (Line Drive, 8LS, EV 95.6 MPH)
Batting: RHB Peyton Beidelman 0-0: Called Strike
0-1: Ball
1-1: Swinging Strike
1-2: Ball
2-2: Ball
3-2: Strikes out looking
Top of the 9th over - 0 runs, 1 hit, 0 errors, 1 left on base; Stanford 1 - Arizona State 1
BOTTOM OF THE 9TH
Arizona State Sun Devils batting - Pitching for Stanford Cardinal : RHP Caleb Reichenbach
Batting: LHB Dallas Mayer 0-0: Ground out 6-3 (Groundball, 6M, EV 93.1 MPH)
Batting: LHB Quinton Eickenhorst 0-0: DOUBLE (Flyball, 78D, EV 99.4 MPH)
Batting: RHB DaVaris Sandalls 0-0: Ball
1-0: Foul Ball, location: 2F
1-1: Fly out, F9 (Flyball, 9D, EV 96.2 MPH)
Runner from 2nd tags up, SAFE at 3rd with throw by RF
Batting: RHB Cole Lucas 0-0: Called Strike
0-1: Ball
1-1: Ball
2-1: Ball
3-1: Called Strike
3-2: Foul Ball, location: 2F
3-2: Base on Balls
Batting: RHB Vince Beach 0-0: Ball
1-0: Called Strike
1-1: Swinging Strike
1-2: Strikes out swinging
Bottom of the 9th over - 0 runs, 1 hit, 0 errors, 2 left on base; Stanford 1 - Arizona State 1
TOP OF THE 10TH
Stanford Cardinal batting - Pitching for Arizona State Sun Devils : RHP Eli Kelly
Pitching: RHP Rob Sperling
Batting: RHB Kurt de la Piedra 0-0: Foul Ball, location: 2F
0-1: Ball
1-1: Ground out U3 (Groundball, 3, EV 84.4 MPH)
Batting: LHB Zavier Cobb 0-0: Called Strike
0-1: Ball
1-1: Ball
2-1: SINGLE (Line Drive, 56D, EV 100.0 MPH)
Pitching: RHP Randell Myles
Batting: LHB Phillip Rothlisberger 0-0: Ball
Zavier Cobb steals 2nd base
1-0: Ball
2-0: Ball
3-0: Called Strike
3-1: Called Strike
3-2: Foul Ball, location: 2F
3-2: Foul Ball, location: 2F
3-2: SINGLE (Flyball, 6D, EV 87.5 MPH)
Zavier Cobb to third
Batting: LHB Brian Elder 0-0: Foul Ball, location: 2F
0-1: DOUBLE (Line Drive, 89XD, EV 105.6 MPH)
Zavier Cobb scores
Phillip Rothlisberger to third
Batting: RHB Wilt Green 0-0: Fly out, F7 (Flyball, 7S, EV 86.2 MPH)
Batting: RHB Richard Ernst 0-0: Ball
1-0: Ball
2-0: Ball
3-0: Called Strike
3-1: Called Strike
3-2: Ground out 5-3 (Groundball, 5, EV 87.5 MPH)
Top of the 10th over - 1 run, 3 hits, 0 errors, 2 left on base; Stanford 2 - Arizona State 1
BOTTOM OF THE 10TH
Arizona State Sun Devils batting - Pitching for Stanford Cardinal : RHP Caleb Reichenbach
Pitching: RHP Preston Cohen
Pinch Hitting: RHB Joey Bryan 0-0: Foul Ball, location: 2F
0-1: Swinging Strike
0-2: Foul Ball, location: 2F
0-2: SINGLE (Groundball, 4MD, EV 98.1 MPH)
Batting: RHB Brian Reser 0-0: Fielders Choice at 2nd, 4-6 (Groundball, 4, EV 86.2 MPH)
Batting: RHB Brian Yensen 0-0: Ball
Balk!
Brian Reser to second
1-0: Fly out, F8 (Flyball, 8LD, EV 106.9 MPH)
Batting: RHB Paul Johnson 0-0: Ball
1-0: Ball
2-0: Ball
3-0: Called Strike
3-1: Base on Balls
Batting: LHB Dallas Mayer 0-0: Ball
1-0: Ball
2-0: Fly out, F9 (Flyball, 9D, EV 99.4 MPH)
Bottom of the 10th over - 0 runs, 1 hit, 0 errors, 2 left on base; Stanford 2 - Arizona State 1
Wednesday, April 17th , 2024 - OOTP Baseball 23.10 Build 110